Map: 中央管制平台

Players

Fist

  • Race: Zerg Zerg
  • League: Diamond

YouRush (JoJo) - Winner!

  • Race: Zerg Zerg
  • League: Master

Event: 2016 WCS Winter Challenger Taiwan

VOD

Have the link to the VOD?

Description

Time

  • Played on: Jan. 14, 2016, 8:01 a.m.
  • Length: 3:57

All games in this series

Show
View Real Time Build Order
Export as new Build Order

Fist Zerg 

Build Orders: Pool First 

Get SALT Encoding   

  12  0:00  Drone  
  13  0:09  Drone  
  14  0:23  Extractor  
  14  0:24  Drone  
  14  0:32  Spawning Pool  
  13  0:37  Drone  
  14  0:45  Overlord  
  14  0:57  Drone, Extractor  
  15  1:19  Zergling x6  
  15  1:20  Queen  
  20  1:26  Metabolic Boost  
  20  1:34  Zergling x2  
  21  1:44  Baneling Nest  
  21  1:47  Zergling x2  
  21  1:55  Zergling x2  
  22  2:13  Overlord  
  22  2:35  Zergling x10  
  27  2:39  Baneling  
  27  2:40  Baneling x2  
  26  2:57  Hatchery  
  25  2:58  Drone  
  26  3:10  Baneling x3  
  26  3:11  Zergling x2  
  26  3:30  Drone x2  
  9  3:44  Drone  
Show
View Real Time Build Order
Export as new Build Order

YouRush Zerg - Winner!

Build Orders: Pool Only 

Get SALT Encoding   

  12  0:01  Drone  
  13  0:08  Drone  
  14  0:26  Spawning Pool  
  13  0:29  Drone  
  13  0:33  Extractor  
  13  0:35  Drone  
  14  0:43  Overlord  
  14  1:05  Drone  
  15  1:12  Queen  
  15  1:13  Zergling x4  
  15  1:16  Zergling x2  
  20  1:26  Zergling x2  
  21  1:35  Metabolic Boost  
  21  1:37  Overlord  
  21  1:48  Zergling x2  
  22  1:58  Zergling x2  
  22  1:59  Baneling Nest  
  22  2:14  Zergling x2  
  23  2:23  Zergling x6  
  26  2:31  Spine Crawler  
  26  2:36  Zergling x2  
  24  2:48  Zergling x2  
  24  2:53  Baneling  
  24  2:54  Baneling x2  
  24  2:58  Zergling x6  
  27  3:09  Zergling x2  
  27  3:10  Baneling x2  
  26  3:15  Zergling x2  
  27  3:25  Zergling x2  
  27  3:26  Baneling x2  
  25  3:33  Zergling x2  
  25  3:34  Zergling x2  
Tags
 
Add a new tag
Caveats
  • Supply blocks, unpowered buildings, or Contaminate may cause inaccurate times.
  • Supply counts are checked every 10 seconds.